[Event "Hungarian Rapid-ch 2022"]
[Site "Ajka"]
[Date "2022.07.17"]
[Round "11.27"]
[White "Horvath, Kristof"]
[Black "Kozma, Karoly"]
[Result "1/2-1/2"]
[ECO "B22"]
[WhiteElo "2053"]
[BlackElo "2213"]
[Annotator "ChessBase"]
[PlyCount "59"]
[EventDate "2022.07.15"]
[EventType "swiss"]
[EventCountry "HUN"]
[SourceTitle "playchess.com"]
[Source "ChessBase"]
[SourceQuality "1"]
[TimeControl "900+10"]

1. e4 c5 2. c3 Nf6 3. e5 Nd5 4. d4 cxd4 5. Qxd4 e6 6. Nf3 Nc6 7. Qe4 f5 8. Qe2 b6 9. g3 Bb7 10. Bg2 Be7 11. O-O O-O 12. c4 Nc7 13. Nc3 Qe8 14. Rd1 Rd8 15. Bf4 h6 16. h4 Nb8 17. Nd4 Bxg2 18. Kxg2 g5 19. hxg5 hxg5 20. Be3 Qg6 21. f4 Kf7 22. Ndb5 Nxb5 23. Nxb5 Rh8 24. Nxa7 gxf4 25. Bxf4 Rh4 26. Kf3 Bc5 27. Rd2 Qh5+ 28. Kg2 Rh2+ 29. Kf1 Rxe2 30. Rxe2 1/2-1/2

[Event "Hungarian Rapid-ch 2022"]
[Site "Ajka"]
[Date "2022.07.17"]
[Round "11.28"]
[White "Meszaros, Tamas"]
[Black "Kiss, Gergely"]
[Result "1-0"]
[ECO "B12"]
[WhiteElo "2368"]
[BlackElo "2166"]
[Annotator "ChessBase"]
[PlyCount "55"]
[EventDate "2022.07.15"]
[EventType "swiss"]
[EventCountry "HUN"]
[SourceTitle "playchess.com"]
[Source "ChessBase"]
[SourceQuality "1"]
[TimeControl "900+10"]

1. e4 c6 2. d4 d5 3. e5 Bf5 4. Nf3 e6 5. Be2 Nd7 6. O-O h6 7. Nbd2 Ne7 8. Nb3 g5 9. Ne1 Bg6 10. f4 gxf4 11. Nd3 Rg8 12. Nxf4 Be4 13. Nd2 Bf5 14. c4 Ng6 15. cxd5 Nxf4 16. Rxf4 cxd5 17. Nf1 Qb6 18. Kh1 Be7 19. Ng3 Bg6 20. Bh5 Bg5 21. Rf1 Rc8 22. Bxg5 hxg5 23. Qf3 Bxh5 24. Qxh5 Rf8 25. Rad1 Qxb2 26. Qxg5 Rc2 27. Nh5 Rh8 28. Ng7+ 1-0

[Event "Hungarian Rapid-ch 2022"]
[Site "Ajka"]
[Date "2022.07.17"]
[Round "11.29"]
[White "Kolimar, Kristof Pal"]
[Black "Hardicsay, Peter"]
[Result "1/2-1/2"]
[ECO "A14"]
[WhiteElo "2160"]
[BlackElo "2199"]
[Annotator "ChessBase"]
[PlyCount "137"]
[EventDate "2022.07.15"]
[EventType "swiss"]
[EventCountry "HUN"]
[SourceTitle "playchess.com"]
[Source "ChessBase"]
[SourceQuality "1"]
[TimeControl "900+10"]

1. Nf3 Nf6 2. c4 e6 3. g3 d5 4. Bg2 Be7 5. O-O O-O 6. d4 c6 7. Qc2 b6 8. b3 Nbd7 9. Rd1 Ba6 10. Nbd2 Rc8 11. e4 c5 12. exd5 exd5 13. Bb2 b5 14. Rac1 bxc4 15. bxc4 Qb6 16. cxd5 cxd4 17. Qb3 Qxb3 18. Nxb3 Nxd5 19. Nfxd4 Rxc1 20. Nxc1 N5f6 21. Nf5 Bc5 22. Nb3 Bb6 23. Nxg7 Rc8 24. Nf5 Rc2 25. Rd2 Rxd2 26. Nxd2 Bd3 27. Nh6+ Kf8 28. Bf1 Bg6 29. g4 Nd5 30. Bc4 Nf4 31. Kf1 Nd3 32. Ba3+ Ke8 33. f3 Nf4 34. h4 Bd3+ 35. Bxd3 Nxd3 36. Nf5 N7e5 37. Ne4 Nxf3 38. Ke2 Nfe5 39. Nf6+ Kd8 40. g5 Nf4+ 41. Kd1 Nc4 42. Be7+ Kc7 43. Nxh7 Kc6 44. Nf6 Ne3+ 45. Nxe3 Bxe3 46. h5 Bd4 47. h6 Ng6 48. h7 Be3 49. Ng4 Bd4 50. Ba3 Kd5 51. Nh6 Ke6 52. Kc2 Bg7 53. Bb2 Bxb2 54. Kxb2 f6 55. gxf6 Kxf6 56. Kb3 Kg7 57. Nf5+ Kxh7 58. Kb4 Ne5 59. Kb5 Kg6 60. Nd4 Kf6 61. Ka6 Ke7 62. Kxa7 Kd6 63. Kb6 Kd5 64. Nf5 Kc4 65. Ne3+ Kb4 66. Nc2+ Ka4 67. Kc5 Nd3+ 68. Kd4 Nc1 69. Kc3 1/2-1/2

[Event "Hungarian Rapid-ch 2022"]
[Site "Ajka"]
[Date "2022.07.17"]
[Round "11.30"]
[White "Ats, Laszlo Gyorgy"]
[Black "Kokeny, Gabor"]
[Result "1/2-1/2"]
[ECO "D00"]
[WhiteElo "1923"]
[BlackElo "2204"]
[Annotator "ChessBase"]
[PlyCount "25"]
[EventDate "2022.07.15"]
[EventType "swiss"]
[EventCountry "HUN"]
[SourceTitle "playchess.com"]
[Source "ChessBase"]
[SourceQuality "1"]
[TimeControl "900+10"]

1. d4 d5 2. Bf4 Nf6 3. e3 c6 4. h4 Qb6 5. b3 e6 6. Bd3 c5 7. c3 Nc6 8. Nf3 Be7 9. Nbd2 Bd7 10. Ne5 Nxe5 11. dxe5 Ng8 12. Qg4 Bf8 13. O-O 1/2-1/2

[Event "Hungarian Rapid-ch 2022"]
[Site "Ajka"]
[Date "2022.07.17"]
[Round "12.1"]
[White "Gledura, Benjamin"]
[Black "Prohaszka, Peter"]
[Result "1-0"]
[ECO "E10"]
[WhiteElo "2637"]
[BlackElo "2570"]
[Annotator "ChessBase"]
[PlyCount "137"]
[EventDate "2022.07.15"]
[EventType "swiss"]
[EventCountry "HUN"]
[SourceTitle "playchess.com"]
[Source "ChessBase"]
[SourceQuality "1"]
[TimeControl "900+10"]

1. d4 Nf6 2. c4 e6 3. Nf3 d5 4. cxd5 exd5 5. Qc2 c6 6. Nc3 g6 7. Bg5 Be7 8. e3 Bf5 9. Bd3 Bxd3 10. Qxd3 Nbd7 11. Bh6 Bf8 12. Bf4 Nh5 13. Bg5 Be7 14. Bh6 Bf8 15. Bxf8 Kxf8 16. O-O Kg7 17. b4 Re8 18. b5 Nhf6 19. bxc6 bxc6 20. Rfc1 Qa5 21. Ne2 Rac8 22. Nd2 Qb5 23. Nf4 Ne4 24. Nxe4 dxe4 25. Qa3 Nf6 26. Qxa7 Ra8 27. Qc5 g5 28. Ne2 h6 29. Ng3 Qxc5 30. Rxc5 Reb8 31. h3 Ra6 32. Nf5+ Kh7 33. Rac1 Rb5 34. Ne7 Rxa2 35. Rxc6 Nd5 36. Nf5 f6 37. R6c5 Rxc5 38. Rxc5 Nb4 39. Rc7+ Kh8 40. Ng3 Ra1+ 41. Kh2 f5 42. Nxf5 Rf1 43. Kg3 Nd3 44. Kg4 Rxf2 45. Nxh6 Rxg2+ 46. Kh5 Nf4+ 47. exf4 gxf4 48. Ng4 Kg8 49. Nf6+ Kf8 50. Nxe4 f3 51. Rc5 Re2 52. Rf5+ Kg7 53. Ng3 Re3 54. Kg4 Rd3 55. Rf4 f2 56. Nf5+ Kg6 57. Rxf2 Rd1 58. Nh4+ Kh6 59. Nf3 Kg6 60. Rd2 Ra1 61. d5 Kf6 62. d6 Ra4+ 63. Rd4 Ra8 64. d7 Rd8 65. Kf4 Ke6 66. Ne5 Rh8 67. Nf7 Rh4+ 68. Kg5 Rxd4 69. d8=Q 1-0

[Event "Hungarian Rapid-ch 2022"]
[Site "Ajka"]
[Date "2022.07.17"]
[Round "12.2"]
[White "Balog, Imre"]
[Black "Kozak, Adam"]
[Result "1/2-1/2"]
[ECO "D02"]
[WhiteElo "2594"]
[BlackElo "2522"]
[Annotator "ChessBase"]
[PlyCount "95"]
[EventDate "2022.07.15"]
[EventType "swiss"]
[EventCountry "HUN"]
[SourceTitle "playchess.com"]
[Source "ChessBase"]
[SourceQuality "1"]
[TimeControl "900+10"]

1. d4 Nf6 2. Nf3 d5 3. Bf4 e6 4. e3 Bd6 5. Ne5 O-O 6. Nd2 c5 7. c3 Qc7 8. Bd3 Nbd7 9. Ndf3 h6 10. h3 Ne4 11. O-O Rd8 12. Qc2 f5 13. Nxd7 Bxd7 14. Bxe4 fxe4 15. Bxd6 Qxd6 16. Ne5 Bb5 17. Rfe1 Rac8 18. Qd1 Rf8 19. a4 Ba6 20. Qg4 Rf5 21. Rad1 Rg5 22. Qh4 Rf8 23. Rd2 b6 24. Kh1 Qd8 25. b4 Qe8 26. b5 Bb7 27. f4 exf3 28. Nxf3 Rgf5 29. Rf2 e5 30. dxe5 Qe6 31. Kg1 a6 32. bxa6 Bxa6 33. e4 dxe4 34. Qxe4 Bc4 35. Rd1 Rf4 36. Qb7 R4f7 37. Qe4 Rf4 38. Qe3 Bd5 39. Rdf1 Bc4 40. Nd2 Rxf2 41. Rxf2 Rxf2 42. Kxf2 Bd5 43. Kg1 Qg6 44. Nf3 Qg3 45. Qe1 Qxe1+ 46. Nxe1 Kf7 47. Nd3 Ke6 48. Kf2 1/2-1/2

[Event "Hungarian Rapid-ch 2022"]
[Site "Ajka"]
[Date "2022.07.17"]
[Round "12.3"]
[White "Lizak, Peter"]
[Black "Berkes, Ferenc"]
[Result "1/2-1/2"]
[ECO "A45"]
[WhiteElo "2400"]
[BlackElo "2649"]
[Annotator "ChessBase"]
[PlyCount "47"]
[EventDate "2022.07.15"]
[EventType "swiss"]
[EventCountry "HUN"]
[SourceTitle "playchess.com"]
[Source "ChessBase"]
[SourceQuality "1"]
[TimeControl "900+10"]

1. d4 Nf6 2. Nc3 d6 3. e4 e5 4. dxe5 dxe5 5. Qxd8+ Kxd8 6. Bc4 Ke8 7. Nf3 Bd6 8. Bg5 Nbd7 9. O-O-O a6 10. Bb3 h6 11. Bh4 g5 12. Bg3 Nh5 13. Nd2 b5 14. Nf1 Rb8 15. Ne3 Ndf6 16. f3 Nxg3 17. hxg3 Kf8 18. g4 Kg7 19. Ne2 Bc5 20. Nd5 c6 21. Nxf6 Kxf6 22. Ng3 Rb7 23. Rd3 Rc7 24. Rhd1 1/2-1/2

[Event "Hungarian Rapid-ch 2022"]
[Site "Ajka"]
[Date "2022.07.17"]
[Round "12.4"]
[White "Aczel, Gergely"]
[Black "Kantor, Gergely"]
[Result "1-0"]
[ECO "A50"]
[WhiteElo "2499"]
[BlackElo "2582"]
[Annotator "ChessBase"]
[PlyCount "95"]
[EventDate "2022.07.15"]
[EventType "swiss"]
[EventCountry "HUN"]
[SourceTitle "playchess.com"]
[Source "ChessBase"]
[SourceQuality "1"]
[TimeControl "900+10"]

1. d4 Nf6 2. c4 g6 3. f3 e6 4. e4 c5 5. d5 d6 6. Nc3 exd5 7. cxd5 Bg7 8. Bg5 h6 9. Be3 O-O 10. Qd2 Re8 11. Be2 Kh7 12. Rc1 Na6 13. Bd1 Nc7 14. a4 a6 15. Nge2 b5 16. Bc2 Qe7 17. O-O Nd7 18. b3 Rb8 19. Rfe1 Ne5 20. Bf2 b4 21. Nd1 a5 22. Ne3 h5 23. Kh1 Bh6 24. f4 Ng4 25. Nxg4 Bxg4 26. h3 Bd7 27. Qd3 Bc8 28. Qf3 Ba6 29. e5 dxe5 30. Bxc5 e4 31. Qf2 Qd7 32. Rcd1 Rbc8 33. f5 Nxd5 34. fxg6+ fxg6 35. Ng3 Bf8 36. Nxe4 Qf5 37. Rxd5 Bxc5 38. Rxf5 Bxf2 39. Rxf2 Kg7 40. Bb1 Rc7 41. Rd1 Rce7 42. Rd4 Rc8 43. Rc2 Rf8 44. Rc1 Ref7 45. Bd3 Bc8 46. Nd6 Rd7 47. Bb5 Rdd8 48. Rxc8 1-0

[Event "Hungarian Rapid-ch 2022"]
[Site "Ajka"]
[Date "2022.07.17"]
[Round "12.5"]
[White "Horvath, Adam"]
[Black "Mihok, Oliver"]
[Result "1-0"]
[ECO "B47"]
[WhiteElo "2520"]
[BlackElo "2549"]
[Annotator "ChessBase"]
[PlyCount "163"]
[EventDate "2022.07.15"]
[EventType "swiss"]
[EventCountry "HUN"]
[SourceTitle "playchess.com"]
[Source "ChessBase"]
[SourceQuality "1"]
[TimeControl "900+10"]

1. e4 c5 2. Nf3 e6 3. d4 cxd4 4. Nxd4 Nc6 5. Nc3 Qc7 6. f4 Nxd4 7. Qxd4 b6 8. Bd3 Bb7 9. Qf2 Nf6 10. Bd2 Bc5 11. Qe2 O-O 12. O-O-O d5 13. e5 Nd7 14. h4 Rfc8 15. h5 Bf8 16. Kb1 a6 17. Be3 b5 18. Qf2 Nc5 19. a3 Ne4 20. Bxe4 dxe4 21. Bd4 Qc4 22. Rhe1 a5 23. b3 Qc6 24. Nxe4 Bxa3 25. h6 g6 26. Bc5 Bxc5 27. Nxc5 Rc7 28. Qh4 Qe8 29. Qf6 Qf8 30. Nxb7 Rxb7 31. Rd6 Qxh6 32. Red1 Rbb8 33. g4 Qg7 34. Rd8+ Rxd8 35. Rxd8+ Rxd8 36. Qxd8+ Qf8 37. Qxa5 b4 38. g5 h5 39. gxh6 Kh7 40. c3 bxc3 41. Qxc3 Qxh6 42. Qg3 Qh5 43. Kb2 Qd1 44. b4 Qd2+ 45. Kb3 Qd5+ 46. Ka3 Qa8+ 47. Kb2 Qe4 48. Kc3 Qc6+ 49. Kb2 Qe4 50. Qh2+ Kg7 51. Qd2 Qc4 52. Ka3 Kh7 53. Ka4 Qa6+ 54. Kb3 Qc6 55. Qd3 Kg7 56. b5 Qc5 57. Qc4 Qe3+ 58. Ka4 Qa7+ 59. Kb4 Qe3 60. Ka4 Qa7+ 61. Kb3 Qe3+ 62. Kb2 Qd2+ 63. Ka3 Qe3+ 64. Kb4 Kh6 65. Ka4 Qa7+ 66. Kb3 Qe3+ 67. Qc3 Qxf4 68. b6 Qe4 69. Qc7 Qb1+ 70. Ka4 Qa2+ 71. Kb5 Qb3+ 72. Ka6 Qa4+ 73. Kb7 Kg7 74. Qc6 Qd4 75. Kc8 Qb4 76. b7 Qf8+ 77. Kd7 Qb8 78. Qc7 Qa7 79. b8=Q Qd4+ 80. Qd6 Qa4+ 81. Kc8 Qe8+ 82. Kc7 1-0

[Event "Hungarian Rapid-ch 2022"]
[Site "Ajka"]
[Date "2022.07.17"]
[Round "12.6"]
[White "Csonka, Balazs"]
[Black "Horvath, Csaba"]
[Result "1/2-1/2"]
[ECO "C02"]
[WhiteElo "2495"]
[BlackElo "2506"]
[Annotator "ChessBase"]
[PlyCount "26"]
[EventDate "2022.07.15"]
[EventType "swiss"]
[EventCountry "HUN"]
[SourceTitle "playchess.com"]
[Source "ChessBase"]
[SourceQuality "1"]
[TimeControl "900+10"]

1. e4 e6 2. d4 d5 3. e5 c5 4. c3 Qb6 5. Nf3 Bd7 6. Be2 cxd4 7. cxd4 Bb5 8. Nc3 Bxe2 9. Nxe2 Nc6 10. O-O Nge7 11. Ng3 h5 12. Bg5 h4 13. Ne2 Nf5 1/2-1/2

[Event "Hungarian Rapid-ch 2022"]
[Site "Ajka"]
[Date "2022.07.17"]
[Round "12.7"]
[White "Antal, Gergely"]
[Black "Tolnai, Tibor"]
[Result "1/2-1/2"]
[ECO "B43"]
[WhiteElo "2571"]
[BlackElo "2433"]
[Annotator "ChessBase"]
[PlyCount "140"]
[EventDate "2022.07.15"]
[EventType "swiss"]
[EventCountry "HUN"]
[SourceTitle "playchess.com"]
[Source "ChessBase"]
[SourceQuality "1"]
[TimeControl "900+10"]

1. e4 c5 2. Nf3 e6 3. d4 cxd4 4. Nxd4 a6 5. Nc3 b5 6. Bd3 Bb7 7. O-O Ne7 8. Be3 Nbc6 9. Nb3 Ng6 10. f4 Be7 11. Kh1 O-O 12. Qd2 d6 13. Rad1 Rc8 14. Qe2 Nb4 15. a3 Nxd3 16. cxd3 Bf6 17. Rc1 Re8 18. Qf2 Bh4 19. Qd2 Bf6 20. Ne2 Ne7 21. Na5 Ba8 22. b4 Qd7 23. Bd4 e5 24. Bb2 Ng6 25. fxe5 Bxe5 26. Rxc8 Rxc8 27. d4 Bf6 28. Ng3 Bh4 29. d5 Bxg3 30. hxg3 Qe7 31. Rc1 Re8 32. Qd4 Ne5 33. Nc6 Bxc6 34. dxc6 Rc8 35. Qd5 Nc4 36. Bd4 h6 37. a4 Qg5 38. Rf1 Rc7 39. axb5 axb5 40. Qxg5 hxg5 41. Rf5 Rxc6 42. Rxg5 Ne5 43. Bxe5 dxe5 44. Rxe5 Rc4 45. Rxb5 Rxe4 46. Kg1 Re2 47. g4 Rb2 48. Kh2 Rb3 49. g5 Kh7 50. Rb6 Rd3 51. Rc6 Rb3 52. Rb6 Rd3 53. g3 Rd5 54. g6+ fxg6 55. Rc6 Rd4 56. b5 Rb4 57. Rc5 Kh6 58. Kh3 g5 59. g4 g6 60. Kg3 Rb3+ 61. Kf2 Rb4 62. Kf3 Rf4+ 63. Kg3 Rb4 64. Re5 Rb3+ 65. Kf2 Rb4 66. Kf3 Rf4+ 67. Kg3 Rb4 68. Rd5 Rb3+ 69. Kf2 Rb4 70. Kf3 Rf4+ 1/2-1/2

[Event "Hungarian Rapid-ch 2022"]
[Site "Ajka"]
[Date "2022.07.17"]
[Round "12.8"]
[White "Varga, Zoltan"]
[Black "Papp, Levente"]
[Result "1-0"]
[ECO "E08"]
[WhiteElo "2401"]
[BlackElo "2394"]
[Annotator "ChessBase"]
[PlyCount "135"]
[EventDate "2022.07.15"]
[EventType "swiss"]
[EventCountry "HUN"]
[SourceTitle "playchess.com"]
[Source "ChessBase"]
[SourceQuality "1"]
[TimeControl "900+10"]

1. c4 e6 2. Nf3 Nf6 3. g3 d5 4. Bg2 Be7 5. d4 O-O 6. O-O Nbd7 7. Qc2 dxc4 8. Qxc4 a6 9. Qc2 c5 10. dxc5 Nxc5 11. Nc3 Qb6 12. Be3 Qb4 13. Rac1 Bd7 14. Ne5 Rac8 15. Rfd1 Rfd8 16. Rd4 Qb6 17. b4 Qc7 18. Bf4 Na4 19. Rc4 Qxc4 20. Nxc4 Rxc4 21. Qb3 Rdc8 22. Nxa4 Rxc1+ 23. Bxc1 Rxc1+ 24. Bf1 Nd5 25. Nc5 Bb5 26. Qb2 Rc4 27. a3 Bf6 28. Qd2 Rd4 29. Qc2 Rc4 30. Qd2 Rd4 31. Nd3 Bxd3 32. exd3 Ne7 33. Qc2 Rd7 34. Bg2 g6 35. h4 h5 36. Be4 Kg7 37. Kg2 Be5 38. Qc5 Bd4 39. Qc4 Bf6 40. Kh3 Bd4 41. Kg2 Bf6 42. a4 Nd5 43. Bxd5 Rxd5 44. Qc8 b5 45. Qxa6 bxa4 46. f4 Be7 47. Qxa4 Rxd3 48. b5 Rd2+ 49. Kf1 Bc5 50. Qc4 Rd5 51. Qc3+ Bd4 52. Qb3 Bb6 53. Qc3+ Bd4 54. Qc6 Rc5 55. Qd6 Rd5 56. Qb8 e5 57. b6 exf4 58. gxf4 Rb5 59. b7 Rb1+ 60. Ke2 Bf6 61. Qa8 Rb2+ 62. Kd3 Rb3+ 63. Kc4 Rc3+ 64. Kb4 Rc1 65. b8=Q Be7+ 66. Kb3 Rb1+ 67. Kc4 Rc1+ 68. Kd3 1-0

[Event "Hungarian Rapid-ch 2022"]
[Site "Ajka"]
[Date "2022.07.17"]
[Round "12.9"]
[White "Csiszar, Csaba"]
[Black "Bagi, Mate"]
[Result "1/2-1/2"]
[ECO "D92"]
[WhiteElo "2389"]
[BlackElo "2460"]
[Annotator "ChessBase"]
[PlyCount "37"]
[EventDate "2022.07.15"]
[EventType "swiss"]
[EventCountry "HUN"]
[SourceTitle "playchess.com"]
[Source "ChessBase"]
[SourceQuality "1"]
[TimeControl "900+10"]

1. d4 Nf6 2. Nf3 g6 3. c4 Bg7 4. Nc3 d5 5. Bf4 O-O 6. Rc1 dxc4 7. e4 c5 8. dxc5 Qa5 9. e5 Nh5 10. Bd2 Qxc5 11. Ne4 Qd5 12. Nc3 Qc5 13. Ne4 Qd5 14. Nc3 Qc5 15. Ne4 Qd5 16. Nc3 Qc5 17. Na4 Qd5 18. Bxc4 Qe4+ 19. Be3 1/2-1/2

[Event "Hungarian Rapid-ch 2022"]
[Site "Ajka"]
[Date "2022.07.17"]
[Round "12.10"]
[White "Hoang, Thanh Trang"]
[Black "Czebe, Attila"]
[Result "1-0"]
[ECO "B07"]
[WhiteElo "2376"]
[BlackElo "2385"]
[Annotator "ChessBase"]
[PlyCount "53"]
[EventDate "2022.07.15"]
[EventType "swiss"]
[EventCountry "HUN"]
[SourceTitle "playchess.com"]
[Source "ChessBase"]
[SourceQuality "1"]
[TimeControl "900+10"]

1. d4 d6 2. e4 Nf6 3. Nc3 a6 4. Bg5 h6 5. Bxf6 gxf6 6. a4 Rg8 7. Nge2 f5 8. exf5 Bxf5 9. Ng3 Qd7 10. Qf3 Bg4 11. Qxb7 Qc6 12. Qb3 Nd7 13. h3 Rb8 14. Qa2 Bg7 15. hxg4 Bxd4 16. Nge2 Be5 17. f3 e6 18. Rxh6 Rb4 19. a5 Kf8 20. Nd1 Kg7 21. c3 Rxg4 22. fxg4 Kxh6 23. Qa4 Qxa4 24. Rxa4 Nc5 25. Rc4 Nd3+ 26. Kd2 d5 27. Rc6 1-0

[Event "Hungarian Rapid-ch 2022"]
[Site "Ajka"]
[Date "2022.07.17"]
[Round "12.11"]
[White "Szamoskozi, Gabor"]
[Black "Korpa, Bence"]
[Result "0-1"]
[ECO "B03"]
[WhiteElo "2243"]
[BlackElo "2537"]
[Annotator "ChessBase"]
[PlyCount "88"]
[EventDate "2022.07.15"]
[EventType "swiss"]
[EventCountry "HUN"]
[SourceTitle "playchess.com"]
[Source "ChessBase"]
[SourceQuality "1"]
[TimeControl "900+10"]

1. e4 Nf6 2. e5 Nd5 3. c4 Nb6 4. d4 d6 5. exd6 exd6 6. Nc3 Be7 7. Bd3 O-O 8. Nge2 Nc6 9. O-O Bf6 10. Be3 Nb4 11. a3 Nxd3 12. Qxd3 d5 13. b3 c6 14. c5 Nd7 15. b4 b6 16. b5 Bb7 17. a4 Re8 18. Nxd5 cxd5 19. c6 Bc8 20. cxd7 Qxd7 21. Rfc1 Bb7 22. Nf4 g6 23. Rc3 Rac8 24. Rac1 Rxc3 25. Rxc3 Be7 26. Qc2 Bd6 27. h3 Re4 28. Nd3 f6 29. Qd2 Qe7 30. Rc1 a5 31. Nc5 bxc5 32. dxc5 d4 33. Bxd4 Bf4 34. Be3 Rxe3 35. c6 Bc8 36. b6 Re4 37. Qd5+ Kg7 38. Rf1 Rb4 39. Qxa5 Bd6 40. Qa8 Qe5 41. g3 Bxh3 42. c7 Bxc7 43. bxc7 Qxc7 44. Re1 Qb7 0-1

[Event "Hungarian Rapid-ch 2022"]
[Site "Ajka"]
[Date "2022.07.17"]
[Round "12.12"]
[White "Lakos, Nikoletta"]
[Black "Hera, Imre Jr."]
[Result "1/2-1/2"]
[ECO "B40"]
[WhiteElo "2203"]
[BlackElo "2568"]
[Annotator "ChessBase"]
[PlyCount "138"]
[EventDate "2022.07.15"]
[EventType "swiss"]
[EventCountry "HUN"]
[SourceTitle "playchess.com"]
[Source "ChessBase"]
[SourceQuality "1"]
[TimeControl "900+10"]

1. e4 c5 2. Nf3 e6 3. b3 b6 4. Bb2 Bb7 5. Nc3 a6 6. g3 d6 7. Bg2 Nf6 8. Qe2 Nc6 9. O-O-O Nd4 10. Qd3 e5 11. Nxd4 cxd4 12. Nd5 Nxd5 13. exd5 Be7 14. c3 dxc3 15. dxc3 O-O 16. Be4 g6 17. h4 f5 18. Bg2 h5 19. Qd2 Bf6 20. Kb1 b5 21. f3 Qd7 22. g4 fxg4 23. fxg4 Qxg4 24. Qc2 Bc8 25. Bh3 Bf5 26. Bxg4 Bxc2+ 27. Kxc2 hxg4 28. Rdg1 Be7 29. Rxg4 Kh7 30. Rhg1 Rf2+ 31. Kb1 Rg8 32. Bc1 Rh2 33. Bg5 Bxg5 34. hxg5 Rf8 35. R4g2 Rh3 36. Rg3 Rh5 37. R1g2 Rf1+ 38. Kb2 Rhh1 39. Ka3 a5 40. c4 bxc4 41. bxc4 Rc1 42. Rg4 Rh3+ 43. Ka4 Rb1 44. R2g3 Rxg3 45. Rxg3 Rb4+ 46. Kxa5 Rxc4 47. a4 Rd4 48. Kb5 Rxd5+ 49. Kc6 Ra5 50. Kxd6 e4 51. Rg4 Rxa4 52. Kd5 Kg7 53. Ke5 Kf7 54. Rxe4 Rxe4+ 55. Kxe4 Ke6 56. Kf4 Kd5 57. Kg4 Ke4 58. Kg3 Kf5 59. Kh4 Kf4 60. Kh3 Kxg5 61. Kg3 Kf5 62. Kf3 g5 63. Kg3 g4 64. Kg2 Kf4 65. Kf2 g3+ 66. Kg2 Kg4 67. Kg1 Kf3 68. Kf1 g2+ 69. Kg1 Kg3 1/2-1/2

[Event "Hungarian Rapid-ch 2022"]
[Site "Ajka"]
[Date "2022.07.17"]
[Round "12.13"]
[White "Kaczur, Florian"]
[Black "Kovacs, Klara"]
[Result "1-0"]
[ECO "C03"]
[WhiteElo "2482"]
[BlackElo "2098"]
[Annotator "ChessBase"]
[PlyCount "33"]
[EventDate "2022.07.15"]
[EventType "swiss"]
[EventCountry "HUN"]
[SourceTitle "playchess.com"]
[Source "ChessBase"]
[SourceQuality "1"]
[TimeControl "900+10"]

1. e4 e6 2. d4 d5 3. Nd2 Be7 4. c3 c5 5. dxc5 Nf6 6. exd5 Qxd5 7. b4 Qe5+ 8. Ne2 a5 9. Nc4 Qc7 10. Bf4 Qc6 11. Nb6 Nbd7 12. Nxa8 e5 13. b5 Qe4 14. Be3 Bxc5 15. Ng3 Qg6 16. Bxc5 Nxc5 17. Qd6 1-0

[Event "Hungarian Rapid-ch 2022"]
[Site "Ajka"]
[Date "2022.07.17"]
[Round "12.14"]
[White "Nemeth, Zalan"]
[Black "Vertetics, Attila"]
[Result "1/2-1/2"]
[ECO "A11"]
[WhiteElo "2194"]
[BlackElo "2465"]
[Annotator "ChessBase"]
[PlyCount "55"]
[EventDate "2022.07.15"]
[EventType "swiss"]
[EventCountry "HUN"]
[SourceTitle "playchess.com"]
[Source "ChessBase"]
[SourceQuality "1"]
[TimeControl "900+10"]

1. c4 c6 2. g3 d5 3. Nf3 Bg4 4. Ne5 Be6 5. Bg2 Nd7 6. Nf3 Bg4 7. cxd5 cxd5 8. d4 e6 9. Nc3 Bd6 10. Qb3 Qb6 11. Qxb6 Nxb6 12. O-O Ne7 13. h3 Bf5 14. Nh4 Rc8 15. Nxf5 Nxf5 16. e3 Kd7 17. Rd1 Bb4 18. Ne2 Rc2 19. Nf4 Rhc8 20. Bf1 Bd6 21. Bd3 R2c7 22. b3 Bb4 23. Ne2 g6 24. a3 Be7 25. Bd2 Nd6 26. f3 f5 27. h4 Ke8 28. Rdc1 1/2-1/2

[Event "Hungarian Rapid-ch 2022"]
[Site "Ajka"]
[Date "2022.07.17"]
[Round "12.15"]
[White "Jakab, Attila"]
[Black "Miszler, Levente"]
[Result "1-0"]
[ECO "E53"]
[WhiteElo "2311"]
[BlackElo "2243"]
[Annotator "ChessBase"]
[PlyCount "127"]
[EventDate "2022.07.15"]
[EventType "swiss"]
[EventCountry "HUN"]
[SourceTitle "playchess.com"]
[Source "ChessBase"]
[SourceQuality "1"]
[TimeControl "900+10"]

1. d4 e6 2. c4 Nf6 3. Nc3 Bb4 4. e3 O-O 5. Bd3 d5 6. Nf3 c5 7. O-O cxd4 8. exd4 dxc4 9. Bxc4 b6 10. Bg5 Bb7 11. Qd3 Nbd7 12. Rad1 h6 13. Bh4 Rc8 14. Bb3 a6 15. Rfe1 Qc7 16. Bg3 Bd6 17. Ne5 Nd5 18. Nxd5 exd5 19. Qf5 Nxe5 20. dxe5 Bb4 21. Re3 Qc1 22. a3 Be7 23. h4 d4 24. Red3 Qc6 25. f3 Rcd8 26. Bf2 Bc5 27. Ba2 Bc8 28. Qf4 Be6 29. Bb1 Bc4 30. Rc1 Bxd3 31. Bxd3 Qe6 32. b4 Be7 33. Rc7 Rd5 34. Qe4 g6 35. Bc4 Rxe5 36. Bxe6 Rxe4 37. fxe4 Bd8 38. Rc6 fxe6 39. Rxe6 Rf6 40. Re8+ Rf8 41. Re5 Bf6 42. Rd5 Re8 43. Rd6 Kf7 44. Rxb6 Rxe4 45. Rxa6 Bxh4 46. Bxh4 Rxh4 47. Kf2 Re4 48. Rd6 h5 49. b5 g5 50. b6 Re3 51. Rxd4 Rxa3 52. Rb4 Ra8 53. b7 Rb8 54. Kf3 Ke6 55. Ke4 h4 56. Kf3 Kd6 57. Kg4 Kc7 58. Kxg5 Rxb7 59. Rxb7+ Kxb7 60. Kxh4 Kc7 61. Kg5 Kd7 62. Kf6 Ke8 63. Kg7 Ke7 64. g4 1-0

[Event "Hungarian Rapid-ch 2022"]
[Site "Ajka"]
[Date "2022.07.17"]
[Round "12.16"]
[White "Krstulovic, Alex"]
[Black "Tancsa, Tamas"]
[Result "1-0"]
[ECO "E70"]
[WhiteElo "2413"]
[BlackElo "2103"]
[Annotator "ChessBase"]
[PlyCount "77"]
[EventDate "2022.07.15"]
[EventType "swiss"]
[EventCountry "HUN"]
[SourceTitle "playchess.com"]
[Source "ChessBase"]
[SourceQuality "1"]
[TimeControl "900+10"]

1. d4 Nf6 2. c4 g6 3. Nc3 Bg7 4. e4 d6 5. Nge2 O-O 6. Ng3 e5 7. d5 Nbd7 8. h4 h6 9. Be3 a5 10. Be2 Nc5 11. Qd2 Kh7 12. h5 g5 13. f3 b6 14. Bd1 Bd7 15. b3 Ng8 16. Bc2 Ne7 17. O-O Kh8 18. a3 Na6 19. Rab1 Qc8 20. b4 axb4 21. axb4 f5 22. exf5 Nxf5 23. Nxf5 Bxf5 24. Bxf5 Qxf5 25. g4 Qd7 26. Ne4 Rf7 27. Kg2 Raf8 28. Kg3 c5 29. dxc6 Qxc6 30. b5 Qxc4 31. Nxd6 Qe6 32. Nxf7+ Rxf7 33. bxa6 e4 34. Rxb6 Qc4 35. Qd1 exf3 36. Rxf3 Be5+ 37. Kh3 Qa2 38. Qd8+ Kg7 39. Rg6+ 1-0

[Event "Hungarian Rapid-ch 2022"]
[Site "Ajka"]
[Date "2022.07.17"]
[Round "12.17"]
[White "Deak, Sandor"]
[Black "Meszaros, Tamas"]
[Result "0-1"]
[ECO "E11"]
[WhiteElo "2264"]
[BlackElo "2368"]
[Annotator "ChessBase"]
[PlyCount "60"]
[EventDate "2022.07.15"]
[EventType "swiss"]
[EventCountry "HUN"]
[SourceTitle "playchess.com"]
[Source "ChessBase"]
[SourceQuality "1"]
[TimeControl "900+10"]

1. d4 Nf6 2. c4 e6 3. Nf3 Bb4+ 4. Nbd2 O-O 5. e3 d6 6. a3 Bxd2+ 7. Bxd2 Nbd7 8. Qc2 e5 9. dxe5 dxe5 10. c5 e4 11. Nd4 Ne5 12. h3 c6 13. Be2 Qe7 14. Rc1 Ng6 15. O-O Qe5 16. f4 exf3 17. Nxf3 Qe7 18. Bd3 Re8 19. Rce1 Ne4 20. Bxe4 Qxe4 21. Qxe4 Rxe4 22. Bc3 Be6 23. Ng5 Rc4 24. Nxe6 fxe6 25. Rd1 Nf8 26. Rf3 Rxc5 27. e4 Rc4 28. Rdf1 Rxe4 29. Rf7 e5 30. Rxb7 Ne6 0-1